 Dungeon Crawl Stone Soup version 0.27-a0-65-gfb268537a3 (webtiles) character file.

Game seed: 11243828517245725104

241665 robertstho the Sorcerer (level 19, -6/112 HPs)
             Began as a Deep Elf Ice Elementalist on Jan 8, 2021.
             Was an Elder of Sif Muna.
             Mangled by an emperor scorpion (20 damage)
             ... on level 2 of the Spider Nest.
             The game lasted 01:45:06 (45867 turns).

robertstho the Sorcerer (DEIE)                     Turns: 45867, Time: 01:45:07

Health: -6/112     AC:  9    Str:  5    XL:     19   Next: 7%
Magic:  43/57      EV: 14    Int: 29    God:    Sif Muna [****..]
Gold:   2236       SH:  5    Dex: 15    Spells: 33/65 levels left

rFire    . . .     SeeInvis +   H - +8 storm bow {elec, penet}
rCold    . . .     Faith    .   (shield currently unavailable)
rNeg     + . .     Spirit   .   h - +1 troll leather armour {Snorg}
rPois    +         Reflect  +   a - +1 hat {Will+}
rElec    +         Harm     .   n - +0 cloak
rCorr    .         Rampage  .   E - +0 pair of gloves
Will     ++...                  R - +0 pair of boots (curse)
Stlth    +++.......             Q - amulet of reflection
HPRegen  0.68/turn              s - ring of magical power
MPRegen  0.35/turn              v - ring of Mistrust {*Slow rElec rPois rN+ SInv}

@: lethally poisoned (-6 -> -14), no potions, slowed, studying Bows, very slow
A: deformed body, mutation resistance 1
}: 1/15 runes: decaying
a: Renounce Religion, Channel Magic, Forget Spell, Divine Exegesis


You were on level 2 of the Spider Nest.
You worshipped Sif Muna.
Sif Muna was greatly pleased with you.
You visited 7 branches of the dungeon, and saw 31 of its levels.

You collected 4050 gold pieces.
You spent 1814 gold pieces at shops.

Inventory:

Hand Weapons
 w - the +8 glaive of the Guard {elec, spectral, AC+5}
   (You took it off a deep elf demonologist on level 3 of the Elven Halls)

   Occasionally, upon striking a foe, it can discharge electrical energy and
   cause terrible harm.
   It retains the spirit of the tree from which it was made.
   In the hands of one skilled in evocations this spirit is drawn out to fight
   along side the wielder.
   It affects your AC (+5).
 H - the +8 storm bow (weapon) {elec, penet}
   (You bought it in a shop on level 2 of the Orcish Mines)

   It charges the ammunition it shoots with electricity; occasionally upon a
   hit, such missiles may discharge and cause terrible harm.
   Ammo fired by it passes through the targets it hits, potentially hitting all
   targets in its path until it reaches maximum range.
 K - the +12 hand axe of Change {venom, rF++}
   (You took it off a deep elf high priest on level 3 of the Elven Halls)

   It poisons the flesh of those it strikes.
   It greatly protects you from fire.
 L - the +7 trident of Gelasch {freeze, +Blink rElec Will+}
   (You took it off a spriggan on level 13 of the Dungeon)

   It has been specially enchanted to freeze those struck by it, causing extra
   injury to most foes and up to half again as much damage against particularly
   susceptible opponents.
   It can also slow down cold-blooded creatures.
   It insulates you from electricity.
   It affects your willpower, your defense against some magical effects.
   It lets you blink.
Missiles
 i - 869 arrows (quivered ammo)
 x - 5 silver boomerangs
Armour
 a - a +1 hat of willpower (worn)
 h - a +1 troll leather armour (worn) {Snorg}
 n - a +0 cloak (worn)
 B - a +2 robe of positive energy
 E - a +0 pair of gloves (worn)
 R - a cursed +0 pair of boots (worn)
 T - a +2 robe of cold resistance
Jewellery
 f - an uncursed ring of protection from fire
 k - the ring "Sainumma" {*Corrode rF+ AC+4 Dex+5}
   (You took it off a deep elf sorcerer on level 3 of the Elven Halls)

   [ring of protection]

   It affects your AC (+4).
   It affects your dexterity (+5).
   It protects you from fire.
   It may corrode you when you take damage.
 m - the ring of Teogugh {Fire rPois}
   (You found it on level 8 of the Dungeon)

   [ring of fire]

   It enhances your fire magic.
   It protects you from fire.
   It makes you vulnerable to cold.
   It protects you from poison.
 o - an uncursed ring of protection from cold
 p - an uncursed ring of wizardry
 s - a ring of magical power (left hand)
 v - the ring of Mistrust (right hand) {*Slow rElec rPois rN+ SInv}
   (You took it off a deep elf high priest on level 3 of the Elven Halls)

   [ring of positive energy]

   It insulates you from electricity.
   It protects you from poison.
   It protects you from negative energy.
   It lets you see invisible.
   It may slow you when you take damage.
 C - an uncursed ring of protection from cold
 Q - an amulet of reflection (around neck)
 W - an uncursed ring of flight
 X - an uncursed ring of magical power
 Y - the ring "Jobleura" {rC+ rN+ EV+4 Int+2 Dex-4}
   (You found it on level 11 of the Dungeon)

   [ring of evasion]

   It affects your evasion (+4).
   It affects your intelligence (+2).
   It affects your dexterity (-4).
   It protects you from cold.
   It protects you from negative energy.
Wands
 d - a wand of acid (15)
 A - a wand of digging (14)
 U - a wand of iceblast (22)
 Z - a wand of disintegration (12)
Scrolls
 c - 4 scrolls of fear
 j - 7 scrolls of fog
 l - 16 scrolls of remove curse
 q - 3 scrolls of blinking
 r - 6 scrolls of immolation
 t - 12 scrolls of teleportation
 u - 8 scrolls of enchant weapon
 D - 4 scrolls of enchant armour
 F - 5 scrolls of magic mapping
 G - a scroll of holy word
 V - 2 scrolls of identify
Potions
 b - 4 potions of heal wounds
 g - 5 potions of brilliance
 y - 2 potions of invisibility
 z - 8 potions of curing
 I - 5 potions of haste
 J - 4 potions of ambrosia
 M - a potion of resistance
 N - 6 potions of berserk rage
 O - 3 potions of cancellation
 S - 2 potions of flight
Books
 P - a manual of Bows
Miscellaneous
 e - a condenser vane


   Skills:
 * Level 10.2 Fighting
 + Level 2.6(3.7) Axes
 + Level 3.6(4.0) Polearms
 * Level 10.2 Bows
 + Level 0.7 Throwing
 * Level 9.0 Armour
 + Level 5.4 Dodging
 + Level 5.8 Stealth
 + Level 1.7 Shields
 * Level 23.5 Spellcasting
 * Level 4.2 Conjurations
 + Level 3.8 Summonings
 + Level 0.1 Translocations
 + Level 19.8 Ice Magic
 * Level 11.8 Invocations


You had 33 spell levels left.
You knew the following spells:

 Your Spells              Type           Power        Failure   Level
a - Freeze                Ice            100%         0%          1
b - Frozen Ramparts       Ice            100%         0%          3
c - Ozocubu's Armour      Ice            99%          0%          3
d - Hailstorm             Conj/Ice       81%          1%          4
e - Summon Ice Beast      Ice/Summ       80%          1%          4
f - Ozocubu's Refrigerat  Ice            49%          1%          6
g - Iskenderun's Mystic   Conj/Tloc      46%          5%          4
h - Summon Lightning Spi  Summ/Air       45%          6%          4
i - Blink                 Tloc           N/A          1%          2
j - Apportation           Tloc           70%          1%          1

Your spell library contained the following spells:

 Spells                   Type           Power        Failure   Level
 Beastly Appendage        Tmut           68%          1%          1
 Corona                   Hex            37%          1%          1
 Sandblast                Erth           68%          1%          1
 Shock                    Conj/Air       100%         1%          1
 Ensorcelled Hibernation  Hex/Ice        100%         1%          2
 Searing Ray              Conj           100%         1%          2
 Conjure Flame            Conj/Fire      46%          1%          3
 Static Discharge         Conj/Air       46%          1%          3
 Stone Arrow              Conj/Erth      92%          1%          3
 Ice Form                 Ice/Tmut       75%          1%          4
 Metabolic Englaciation   Hex/Ice        37%          1%          5
 Corpse Rot               Necr/Air       N/A          2%          2
 Passwall                 Tmut/Erth      28%          2%          2
 Poisonous Vapours        Pois/Air       68%          2%          2
 Wereblood                Tmut           34%          2%          2
 Mephitic Cloud           Conj/Pois/Air  42%          2%          3
 Simulacrum               Ice/Necr       37%          3%          6
 Confusing Touch          Hex            34%          4%          3
 Gell's Gravitas          Tloc           17%          4%          3
 Lesser Beckoning         Tloc           17%          4%          3
 Spider Form              Tmut/Pois      17%          4%          3
 Tukima's Dance           Hex            34%          4%          3
 Sticky Flame             Conj/Fire      46%          6%          4
 Iskenderun's Battlesphe  Conj           55%          7%          5
 Summon Demon             Summ           27%          8%          5
 Freezing Cloud           Conj/Ice/Air   34%          8%          6
 Airstrike                Air            17%          14%         4
 Cause Fear               Hex            17%          14%         4
 Leda's Liquefaction      Hex/Erth       17%          14%         4
 Petrify                  Tmut/Erth      34%          14%         4
 Lightning Bolt           Conj/Air       23%          17%         5
 Summon Forest            Summ/Tloc      22%          17%         5
 Summon Mana Viper        Hex/Summ       45%          19%         5
 Bolt of Magma            Conj/Fire/Erth 21%          22%         5
 Alistair's Intoxication  Tmut/Pois      22%          36%         5
 Blade Hands              Tmut           17%          36%         5
 Borgnjor's Vile Clutch   Necr/Erth      17%          36%         5
 Lee's Rapid Deconstruct  Erth           17%          36%         5
 Silence                  Hex/Air        17%          36%         5
 Yara's Violent Unravell  Hex/Tmut       17%          36%         5
 Shadow Creatures         Summ           N/A          41%         6
 Conjure Ball Lightning   Conj/Air       23%          67%         6
 Iron Shot                Conj/Erth      23%          67%         6
 Starburst                Conj/Fire      23%          67%         6
 Invisibility             Hex            34%          91%         6
 Statue Form              Tmut/Erth      22%          91%         6
 Orb of Destruction       Conj           27%          91%         7
 Spellforged Servitor     Conj/Summ      27%          92%         7
 Summon Hydra             Summ           27%          94%         7
 Malign Gateway           Summ/Tloc      22%          99%         7
 Chain Lightning          Conj/Air       23%          100%        8
 Ignition                 Fire           17%          100%        8
 Infestation              Necr           17%          100%        8
 Lehudib's Crystal Spear  Conj/Erth      23%          100%        8
 Shatter                  Erth           17%          100%        9
 Tornado                  Air            17%          100%        9


Dungeon Overview and Level Annotations

Branches:
Dungeon (13/15)            Temple (1/1) D:4            Lair (6/6) D:10
  Swamp (4/4) Lair:4       Spider (2/4) Lair:2        Slime (0/5) Lair:5
    Orc (2/2) D:10            Elf (3/3) Orc:2        Vaults (0/5) D:13

Altars:
Ashenzari
Cheibriados
Dithmenos
Elyvilon
Fedhas
Gozag
Hepliaklqana
Kikubaaqudgha
Makhleb
Nemelex Xobeh
Okawaru
Qazlal
Ru
Sif Muna
Trog
Uskayaw
Vehumet
Wu Jian
Xom
Yredelemnul
Zin
The Shining One
Beogh
Jiyva

Shops:
D:10 [   Orc:1 (   Orc:2 (:[*   Elf:2 ?   Elf:3 (

Portals:
Pandemonium: Orc:2

Annotations:
Lair:4 1 runed translucent door, WimpyRanger's ghost, journeyman TrDe
Elf:2 5 runed translucent doors


Innate Abilities, Weirdness & Mutations

Armour fits poorly on your strangely shaped body.
You are somewhat resistant to further mutation.


Message History

You kill the tarantella!
Sif Muna accepts your kill.
The wolf spider is almost dead.
You feel very sick. The emperor scorpion misses you.
The emperor scorpion claws you.
* * * LOW HITPOINT WARNING * * *
You feel yourself slow down. The emperor scorpion claws you!
* * * LOW HITPOINT WARNING * * *
Your Armour skill increases to level 9!
Casting: Ozocubu's Refrigeration (safe; 1% risk of failure)
Confirm with . or Enter, or press ? or * to list all spells.
The heat is drained from your surroundings.
You feel very cold.
The emperor scorpion and the wolf spider are frozen.
The emperor scorpion is severely wounded.
You kill the wolf spider!
Sif Muna accepts your kill.
You feel very sick. The emperor scorpion stings you!!
You die...

##++# ≈≈≈≈≈#+ #####≈..##
≈≈≈≈.≈. ≈≈≈≈≈≈...#
≈≈≈≈.≈≈ ≈≈(..... ≈≈≈≈..≈
≈≈?... ≈≈≈≈#' #.^.#
≈####≈ #''# #####≈≈≈
##≈s## #≈≈.≈..≈
####≈@.≈#######.....≈#
#..≈≈≈≈≈.....≈....≈≈≈.##
#.#≈≈≈≈#≈≈..≈≈...######
################ # # #


You could see an emperor scorpion.

Vanquished Creatures
  Bai Suzhen (Swamp:4)
  Saint Roka (Orc:2)
  Rupert (Lair:4)
  2 deep elf blademasters (Elf:3)
  2 deep elf master archers (Elf:3)
  Frances (Spider:1)
  Gastronok (Lair:2)
  2 thorn hunters
  Donald (Spider:1)
  Agnes (Elf:1)
  2 fenstrider witches
  7 deep elf sorcerers
  Aizul (Spider:1)
  An orc warlord (Orc:1)
  An emperor scorpion (Spider:2)
  5 deep elf elementalists (Elf:3)
  The ghost of Orlauf the Wallflower, a journeyman DsGl of Uskayaw (D:13)
  3 deep elf demonologists (Elf:3)
  Azrael (Spider:1)
  7 deep elf annihilators
  8 bunyips
  4 entropy weavers
  5 deep elf death magi (Elf:3)
  3 eleionomae
  3 fire dragons (Swamp:4)
  Josephine (Lair:4)
  Erolcha (Orc:1)
  4 deep elf high priests (Elf:3)
  Harold (D:7)
  A merfolk avatar (Lair:6)
  19 hydras
  2 boulder beetles
  A centaur warrior (D:13)
  3 ghost crabs
  A two-headed ogre (D:11)
  13 alligators
  A queen ant (Spider:1)
  13 dancing weapons
  11 death yaks
  A vampire mage (D:13)
  5 orc high priests (Orc:2)
  Nergalle (Lair:4)
  4 goliath frogs
  13 deep elf knights
  3 fire crabs
  3 torturous demonspawn (Orc:2)
  9 swamp dragons
  A spriggan druid (Swamp:2)
  3 lindwurms
  6 bog bodies
  Pikel (D:4)
  2 wizards (Elf:2)
  14 deep elf archers
  2 harpies (Lair:6)
  7 orc knights
  8 orb spiders
  4 oklob plants (Lair:5)
  9 wolf spiders
  55 deep elf magi
  7 orc sorcerers
  A manticore (shapeshifter) (D:13)
  An ugly thing (D:12)
  2 will-o-the-wisps
  15 elephants
  A manticore (D:12)
  Maurice (D:12)
  A cyclops (D:11)
  2 black mambas
  3 torpor snails (Lair:4)
  A smoke demon (Orc:2)
  A centaur skeleton (D:13)
  Maggie (D:7)
  13 cane toads
  13 komodo dragons
  2 orange demons (Orc:2)
  3 demonic crawlers (Spider:2)
  3 rime drakes
  4 polar bears
  A jumping spider (shapeshifter) (D:13)
  2 bloated husks (Swamp:3)
  10 tyrant leeches
  13 hornets
  17 blink frogs
  3 trolls
  19 jumping spiders
  A wind drake (Lair:6)
  6 dream sheep
  Sigmund (D:2)
  29 redbacks
  An air elemental (Elf:2)
  4 water elementals
  35 yaks
  A tarantella (shapeshifter) (D:13)
  4 wyverns
  2 ynoxinuls (Orc:2)
  2 vampires
  6 spriggans
  13 tarantellas
  2 golden eyes (shapeshifter)
  8 fire elementals
  6 wraiths
  14 vampire mosquitoes
  4 steam dragons
  3 wargs
  13 swamp worms
  Duvessa (D:7)
  12 water moccasins
  19 soldier ants
  4 hell hounds (Spider:1)
  34 orc warriors
  3 ice beasts
  3 phantoms
  5 swamp drakes
  2 black bears
  3 necrophages
  A boggart (Elf:2)
  5 centaurs
  9 ogres
  12 wolves (Lair:2)
  4 lemures (D:4)
  An elf zombie (D:8)
  Blork the orc (D:4)
  18 bullfrogs
  2 earth elementals
  Dowan (D:7)
  3 scorpions
  15 killer bees
  13 wights
  3 howler monkeys
  A lava snake (Swamp:4)
  3 human zombies (D:8)
  2 bullfrog zombies
  2 quasits
  3 jellies
  18 orc priests
  6 hounds
  2 bullfrog skeletons
  5 iguanas
  6 hell rats (Lair:4)
  16 orc wizards
  Natasha (D:2)
  36 worker ants
  The ghost of Anias the Sneak, a weakling OpDe (D:5)
  A mummy (D:10)
  2 worker ant zombies
  Robin (D:2)
  3 gnolls (D:4)
  6 river rats
  14 adders
  2 shadow imps (D:9)
  6 white imps
  4 ufetubi
  2 oozes
  An adder skeleton (D:4)
  3 worms
  3 dart slugs
  10 leopard geckos
  74 orcs
  3 ball pythons
  A giant cockroach (D:1)
  15 goblins
  11 hobgoblins
  6 jackals
  7 quokkas
  4 bats
  7 frilled lizards
  8 kobolds
  A leopard gecko zombie (D:7)
  3 quokka skeletons
  9 rats
  5 bushes
1071 creatures vanquished.

Vanquished Creatures (collateral kills)
  Snorg (D:11)
  A two-headed ogre (D:6)
  4 dancing weapons
  The ghost of Lutha the Basher, a novice MiFi of Okawaru (D:8)
  An ugly thing (D:11)
  2 centaur zombies
  4 yaks (D:10)
  A wyvern (D:8)
  3 ice beasts
  2 orc warriors
  3 phantoms
  A hornet zombie (D:10)
  2 bullfrogs
  2 wyvern zombies
  A troll zombie (D:8)
  4 killer bees
  6 wights
  2 howler monkeys (D:11)
  2 hounds
  2 human zombies (D:8)
  A water moccasin simulacrum (D:8)
  A centaur skeleton (D:11)
  An orc priest (D:7)
  A human skeleton (D:8)
  2 orc wizards
  2 iguanas
  2 worker ants
  A killer bee zombie (D:8)
  An ogre zombie (D:8)
  A centaur simulacrum (D:8)
  A killer bee simulacrum (D:8)
  A hound simulacrum (D:8)
  A howler monkey skeleton (D:8)
  A shadow imp (D:8)
  A white imp (D:9)
  A nameless horror (D:8)
  An ufetubus (D:8)
  11 orcs
  A leopard gecko simulacrum (D:8)
77 creatures vanquished.

Vanquished Creatures (others)
  A hydra (Swamp:4)
  A swamp dragon (Swamp:4)
  A hornet (Swamp:4)
  A spriggan (Swamp:4)
  2 steam dragons (Swamp:4)
  6 swamp drakes (Swamp:4)
  15 bushes
  96 fungi
  103 plants
  4 withered plants (D:10)
230 creatures vanquished.

Grand Total: 1378 creatures vanquished

Notes
Turn   | Place    | Note
-------+----------+-------------------------------------------
     0 | D:1      | robertstho the Deep Elf Ice Elementalist began the quest
                  | for the Orb.
     0 | D:1      | Reached XP level 1. HP: 10/10 MP: 6/6
   438 | D:1      | Reached XP level 2. HP: 15/15 MP: 5/8
   843 | D:1      | Reached skill level 5 in Ice Magic
   970 | D:2      | Reached XP level 3. HP: 8/19 MP: 7/10
  1038 | D:1      | Learned a level 3 spell: Frozen Ramparts
  1042 | D:1      | Learned a level 3 spell: Ozocubu's Armour
  1239 | D:2      | You fall into a shaft and drop 1 floor!
  1242 | D:3      | Reached XP level 4. HP: 24/24 MP: 11/11
  1357 | D:2      | Noticed Natasha
  1364 | D:2      | Killed Natasha
  1365 | D:2      | Reached skill level 4 in Spellcasting
  1448 | D:2      | Noticed Sigmund
  1460 | D:2      | Gained mutation: Armour fits poorly on your strangely
                  | shaped body. [potion of mutation]
  1460 | D:2      | Gained mutation: You are somewhat resistant to further
                  | mutation. [potion of mutation]
  1466 | D:2      | Killed Sigmund
  1467 | D:2      | Reached skill level 1 in Fighting
  1467 | D:2      | Reached skill level 5 in Spellcasting
  1467 | D:2      | Reached XP level 5. HP: 18/29 MP: 4/14
  1467 | D:2      | Reached XP level 6. HP: 22/34 MP: 4/16
  1643 | D:2      | Noticed Robin
  1656 | D:2      | Killed Robin
  2390 | D:4      | Reached skill level 1 in Axes
  2420 | D:4      | Found a staircase to the Ecumenical Temple.
  2438 | D:4      | Noticed Blork the orc
  2446 | D:4      | Killed Blork the orc
  2502 | D:4      | Reached skill level 6 in Spellcasting
  2593 | D:4      | Noticed Pikel
  2606 | D:4      | Killed Pikel
  2607 | D:4      | Reached skill level 7 in Spellcasting
  2607 | D:4      | Reached XP level 7. HP: 29/40 MP: 9/19
  2626 | D:4      | Learned a level 4 spell: Hailstorm
  2631 | D:4      | Learned a level 4 spell: Summon Ice Beast
  2979 | Temple   | Entered the Ecumenical Temple
  3048 | Temple   | Became a worshipper of Sif Muna the Loreminder
  3228 | D:4      | Reached XP level 8. HP: 27/45 MP: 17/21
  3667 | D:5      | Entered Level 5 of the Dungeon
  3742 | D:5      | Found a runed translucent gate.
  3742 | D:5      | Found a runed translucent gate.
  3936 | D:5      | Reached * piety under Sif Muna
  3937 | D:5      | Reached skill level 1 in Polearms
  4004 | D:5      | Found an opulent altar of Gozag.
  4036 | D:5      | Reached skill level 8 in Spellcasting
  4135 | D:5      | Found a runed translucent gate.
  4135 | D:5      | Noticed Anias's ghost (weakling OpDe)
  4183 | D:5      | Found a roughly hewn altar of Beogh.
  4580 | D:5      | Killed Anias's ghost
  4894 | D:6      | Reached skill level 1 in Invocations
  5013 | D:6      | Noticed a two-headed ogre
  5018 | D:6      | Reached skill level 1 in Summonings
  5035 | D:6      | Killed a two-headed ogre
  5036 | D:6      | Reached skill level 9 in Spellcasting
  5036 | D:6      | Reached XP level 9. HP: 51/51 MP: 5/24
  5881 | D:7      | Noticed Maggie
  5881 | D:7      | Noticed Harold
  5893 | D:7      | Killed Maggie
  5894 | D:7      | Reached skill level 10 in Spellcasting
  5895 | D:7      | Killed Harold
  5896 | D:7      | Reached skill level 5 in Stealth
  5987 | D:7      | Noticed Dowan
  5997 | D:7      | Noticed Duvessa
  6003 | D:7      | Killed Dowan
  6004 | D:7      | Reached XP level 10. HP: 33/56 MP: 19/26
  6008 | D:7      | Killed Duvessa
  6008 | D:7      | Reached ** piety under Sif Muna
  6664 | D:8      | Reached skill level 1 in Armour
  7454 | D:8      | Found a basalt altar of Yredelemnul.
  7692 | D:8      | Found a runed translucent gate.
  7693 | D:8      | Found a runed translucent gate.
  7694 | D:8      | Found a runed translucent gate.
  7936 | D:8      | Noticed Lutha's ghost (novice MiFi)
  7962 | D:8      | Reached skill level 10 in Ice Magic
  8003 | D:8      | Reached skill level 11 in Spellcasting
  8004 | D:8      | Reached *** piety under Sif Muna
  8425 | D:8      | Found a snail-covered altar of Cheibriados.
  9300 | D:9      | Found a hide-covered altar of Uskayaw.
  9310 | D:9      | Reached skill level 5 in Fighting
  9536 | D:9      | Reached skill level 1 in Conjurations
  9849 | D:9      | Reached XP level 11. HP: 41/62 MP: 5/28
 10655 | D:10     | Entered Level 10 of the Dungeon
 10759 | D:10     | Identified the cursed +0 ring mail of Happiness {rPois
                  | Str+3}
 10940 | D:10     | Reached **** piety under Sif Muna
 11048 | D:10     | Found Cuonneor's Armour Shoppe.
 11284 | D:10     | Found a staircase to the Orcish Mines.
 11500 | D:10     | Reached skill level 1 in Bows
 11591 | D:10     | Found a staircase to the Lair.
 11593 | D:10     | Noticed a death yak
 11593 | D:10     | Noticed a death yak
 11594 | D:10     | Noticed a death yak
 11605 | D:10     | Killed a death yak
 11606 | D:10     | Reached skill level 5 in Invocations
 11608 | D:10     | Killed a death yak
 11609 | D:10     | Reached skill level 5 in Dodging
 11609 | D:10     | Reached skill level 12 in Spellcasting
 11610 | D:10     | Killed a death yak
 11968 | D:10     | Reached skill level 5 in Bows
 12546 | D:11     | Noticed a green ugly thing
 12558 | D:11     | Killed a green ugly thing
 12559 | D:11     | Reached skill level 1 in Shields
 12977 | D:11     | Got a heavily runed platinum ring
 13013 | D:11     | Noticed a two-headed ogre
 13026 | D:11     | Killed a two-headed ogre
 13190 | D:11     | Identified the ring "Jobleura" {rC+ rN+ EV+4 Int+2 Dex-4}
                  | (You found it on level 11 of the Dungeon)
 13624 | D:11     | Noticed Snorg
 13640 | D:11     | Killed Snorg
 13699 | D:11     | Noticed a boulder beetle
 13713 | D:11     | Killed a boulder beetle
 14652 | D:12     | Noticed a white ugly thing
 14660 | D:12     | Killed a white ugly thing
 14661 | D:12     | Reached XP level 12. HP: 69/69 MP: 9/30
 14783 | D:12     | Learned a level 6 spell: Ozocubu's Refrigeration
 15024 | D:12     | Noticed a boulder beetle
 15028 | D:12     | Killed a boulder beetle
 15131 | D:12     | Reached ***** piety under Sif Muna
 15207 | D:12     | Noticed Maurice
 15211 | D:12     | Killed Maurice
 15444 | D:12     | Identified Ivvi's Almanac of Unreason (Sif Muna gifted it
                  | to you on level 12 of the Dungeon)
 15444 | D:12     | Received a gift from Sif Muna
 15700 | D:12     | Reached skill level 13 in Spellcasting
 15887 | D:12     | Learned a level 4 spell: Iskenderun's Mystic Blast
 15949 | D:13     | Noticed a centaur warrior
 15952 | D:13     | Killed a centaur warrior
 16257 | D:13     | Found a gate to the Vaults.
 16657 | D:13     | Found a glowing golden altar of the Shining One.
 16658 | D:13     | Noticed a vampire mage
 16671 | D:13     | Killed a vampire mage
 16676 | D:13     | Found a burning altar of Makhleb.
 17294 | D:13     | Found a runed translucent door.
 17296 | D:13     | Identified the +7 trident of Gelasch {freeze, +Blink rElec
                  | Will+}
 17297 | D:13     | Noticed Orlauf's ghost (journeyman DsGl)
 17303 | D:13     | Identified the +8 arbalest "Trog's Righteous Anger"
                  | {vorpal, Will- Str+5}
 17544 | D:13     | Killed Orlauf's ghost
 17781 | Lair:1   | Entered Level 1 of the Lair of Beasts
 17880 | Lair:1   | Reached skill level 14 in Spellcasting
 18418 | Lair:1   | Reached XP level 13. HP: 75/75 MP: 29/33
 19620 | Lair:2   | Noticed Gastronok
 19625 | Lair:2   | Killed Gastronok
 19891 | Lair:2   | Found a hole to the Spider Nest.
 20109 | Lair:3   | Reached skill level 15 in Spellcasting
 20316 | Lair:3   | Reached skill level 5 in Armour
 20637 | Lair:3   | Identified Feacirghaen's Papyrus of Floating Dark Arts (Sif
                  | Muna gifted it to you on level 3 of the Lair of Beasts)
 20637 | Lair:3   | Received a gift from Sif Muna
 20975 | D:8      | Killed Lutha's ghost
 21062 | D:8      | Got the ring of Teogugh {Fire}
 21069 | D:8      | Identified the ring of Teogugh {Fire rPois} (You found it
                  | on level 8 of the Dungeon)
 21421 | Lair:4   | Noticed Nergalle
 21423 | Lair:4   | Killed Nergalle
 21897 | Lair:4   | Found a staircase to the Swamp.
 22065 | Lair:4   | Reached skill level 16 in Spellcasting
 22163 | Lair:4   | Reached XP level 14. HP: 82/82 MP: 33/36
 22170 | Lair:4   | Noticed Rupert
 22176 | Lair:4   | Killed Rupert
 22399 | Lair:4   | Noticed Josephine
 22402 | Lair:4   | Killed Josephine
 22616 | Lair:4   | Found a runed translucent door.
 22616 | Lair:4   | Noticed WimpyRanger's ghost (journeyman TrDe)
 23330 | Lair:5   | Found a staircase to the Slime Pits.
 23331 | Lair:5   | Found a viscous altar of Jiyva.
 23417 | Lair:5   | Reached skill level 15 in Ice Magic
 23585 | Lair:5   | Reached skill level 17 in Spellcasting
 24464 | Lair:6   | Entered Level 6 of the Lair of Beasts
 24599 | Lair:6   | Got a polished falchion
 24599 | Lair:6   | Identified the +2 falchion of the Saving Badger {flame,
                  | Dex+4} (You found it on level 6 of the Lair of Beasts)
 25408 | Lair:6   | Reached XP level 15. HP: 88/88 MP: 23/38
 26334 | Orc:1    | Entered Level 1 of the Orcish Mines
 26334 | Orc:1    | Noticed Erolcha
 26336 | Orc:1    | Killed Erolcha
 26341 | Orc:1    | Found Kitih's Antique Weapon Emporium.
 26531 | Orc:2    | Entered Level 2 of the Orcish Mines
 26531 | Orc:2    | Noticed Saint Roka
 26533 | Orc:2    | Reached skill level 18 in Spellcasting
 26539 | Orc:2    | Killed Saint Roka
 27065 | Orc:2    | Found a staircase to the Elven Halls.
 27143 | Orc:2    | Found Win Waop's General Store.
 27636 | Orc:2    | Found Loss's General Store.
 28376 | Orc:2    | Found Tyrupn's Book Boutique.
 28376 | Orc:2    | Found a one-way gate leading to the halls of Pandemonium.
 28376 | Orc:2    | Found Ziommo Jimi's Antique Weapon Shop.
 28380 | Orc:2    | Bought the +8 storm bow {elec, penet} for 1455 gold pieces
 28380 | Orc:2    | Found the +8 storm bow {elec, penet}
 28413 | Orc:2    | Found Betuenk's Armour Boutique.
 29031 | Orc:2    | Bought 14 arrows for 47 gold pieces
 29442 | Orc:1    | Received a gift from Sif Muna
 29482 | Orc:1    | Noticed an orc warlord
 29487 | Orc:1    | Killed an orc warlord
 29741 | Orc:1    | Reached skill level 19 in Spellcasting
 29935 | Elf:1    | Entered Level 1 of the Elven Halls
 29943 | Elf:1    | Learned a level 4 spell: Summon Lightning Spire
 30293 | Elf:1    | Reached XP level 16. HP: 62/94 MP: 16/41
 30376 | Elf:1    | HP: 3/94 [+3 vorpal dire flail (8)]
 30621 | Elf:1    | Identified the Grimoire of Battle Magic
 31128 | Elf:1    | Noticed Agnes
 31131 | Elf:1    | Killed Agnes
 31289 | Elf:1    | HP: 4/94 [+6 vorpal mace (4)]
 32207 | Elf:2    | Found Zocosar's Magic Scroll Emporium.
 32351 | Elf:2    | Reached skill level 10 in Invocations
 32562 | Elf:2    | Reached skill level 20 in Spellcasting
 33362 | Elf:2    | Identified Sif Muna's Compendium of Shifting Hexes (Sif
                  | Muna gifted it to you on level 2 of the Elven Halls)
 33362 | Elf:2    | Received a gift from Sif Muna
 34044 | Elf:2    | Bought a scroll of identify for 32 gold pieces
 34044 | Elf:2    | Bought a scroll of teleportation for 48 gold pieces
 34044 | Elf:2    | Bought a scroll of identify for 32 gold pieces
 34044 | Elf:2    | Bought a scroll of identify for 32 gold pieces
 34044 | Elf:2    | Bought a scroll of vulnerability for 120 gold pieces
 34044 | Elf:2    | Bought a scroll of teleportation for 48 gold pieces
 34503 | Elf:2    | Found a huge runed translucent gate.
 34503 | Elf:2    | Found a huge runed translucent gate.
 34503 | Elf:2    | Found a huge runed translucent gate.
 34503 | Elf:2    | Found a huge runed translucent gate.
 34505 | Elf:2    | Found a huge runed translucent gate.
 34548 | Elf:3    | Entered Level 3 of the Elven Halls
 34903 | Elf:3    | Found an ancient bone altar of Kikubaaqudgha.
 34906 | Elf:3    | Found Erghej's Weapon Boutique.
 35196 | Elf:3    | Reached XP level 17. HP: 32/100 MP: 12/43
 35362 | Elf:3    | Reached skill level 21 in Spellcasting
 35575 | Elf:3    | Noticed a deep elf blademaster
 35579 | Elf:3    | Killed a deep elf blademaster
 35682 | Elf:3    | Identified the +12 hand axe of Change {venom, rF++}
 35729 | Elf:3    | Identified the ring "Sainumma" {*Corrode rF+ AC+4 Dex+5}
 35849 | Elf:3    | Identified the ring of Mistrust {*Slow rElec rPois rN+
                  | SInv}
 35852 | Elf:3    | Noticed a deep elf master archer
 35855 | Elf:3    | Killed a deep elf master archer
 36046 | Elf:3    | Identified the +2 chain mail of Kiot {rElec Str+3}
 36046 | Elf:3    | Identified the ring of the Sneaky Knaves {rElec Dex+6}
 36046 | Elf:3    | Noticed a deep elf blademaster
 36050 | Elf:3    | Killed a deep elf blademaster
 36252 | Elf:3    | Noticed a deep elf master archer
 36255 | Elf:3    | Killed a deep elf master archer
 36340 | Elf:3    | Identified the +4 hand axe of the Shouting Big Fish
                  | {protect, rC- Int+4 Dex+4 Stlth+}
 37393 | Swamp:1  | Entered Level 1 of the Swamp
 37794 | Swamp:1  | You fall into a shaft and drop 1 floor!
 38320 | Swamp:2  | Reached skill level 22 in Spellcasting
 38615 | Swamp:2  | Received a gift from Sif Muna
 38918 | Swamp:3  | Learned a level 2 spell: Blink
 38920 | Swamp:3  | Learned a level 1 spell: Apportation
 39167 | Swamp:3  | Reached XP level 18. HP: 79/107 MP: 16/46
 40084 | Swamp:4  | Entered Level 4 of the Swamp
 40084 | Swamp:4  | Noticed Bai Suzhen
 40108 | Swamp:4  | HP: 2/107 [Bai Suzhen (9)]
 40110 | Swamp:4  | Killed Bai Suzhen
 40114 | Swamp:4  | HP: 4/107 [poisoned by a swamp dragon (blast of poison)]
 40365 | Swamp:4  | Identified the +10 morningstar "Unlid" {venom, +Inv rPois
                  | rC+ Dex+3} (You found it on level 4 of the Swamp)
 41922 | Swamp:4  | Got a decaying rune of Zot
 42329 | Swamp:1  | Reached skill level 10 in Fighting
 42636 | Spider:1 | Entered Level 1 of the Spider Nest
 42690 | Spider:1 | Noticed Donald
 42700 | Spider:1 | Killed Donald
 42701 | Spider:1 | Reached skill level 23 in Spellcasting
 42780 | Spider:1 | Noticed Azrael
 42783 | Spider:1 | Killed Azrael
 43085 | Spider:1 | Noticed Frances
 43090 | Spider:1 | Killed Frances
 43972 | Spider:1 | Identified Sif Muna's Reference Book on Lethal Black
                  | Secrets (Sif Muna gifted it to you on level 1 of the Spider
                  | Nest)
 43972 | Spider:1 | Received a gift from Sif Muna
 44371 | Spider:1 | Noticed Aizul
 44376 | Spider:1 | Killed Aizul
 45336 | Spider:2 | Reached XP level 19. HP: 112/112 MP: 39/48
 45338 | Spider:2 | Reached skill level 10 in Bows
 45867 | Spider:2 | Mangled by an emperor scorpion

Illustrated notes

Levels and vault maps discovered:
D:1:      erik_arrival_triangle_medium, layout_basic
D:2:      layout_rooms, uniq_robin, uniq_natasha, uniq_sigmund
D:3:      layout_basic, portal_sewer_entry_d
D:4:      layout_loops_ring, minmay_temple_entry_stoned_glass,
          hangedman_minor_gate_pass, uniq_blork_the_orc, uniq_pikel
D:5:      layout_loops_cross, biasface_ghost_orc_armoury, grunt_gozag_statues
D:6:      layout_loops_corners
D:7:      layout_basic, minmay_manual_mail, uniq_harold, uniq_duvessa,
          uniq_maggie
D:8:      layout_layer_cave, cheibrodos_worm_habitat, gammafunk_ghost_icy,
          lemuel_mausoleum_altar_yredelemnul
D:9:      layout_stronghold, minmay_ruined_shrine
D:10:     layout_basic, dpeg_lair_monsters, orc_0_dummy, serial_shops,
          kennysheep_little_box, serial_undead, serial_undead_d,
          serial_undead_e, serial_undead_e, serial_undead_d,
          hangedman_decor_slide_cut
D:11:     layout_long_grid, uniq_snorg
D:12:     layout_loops_cross, uniq_maurice
D:13:     layout_long_grid, david_vaults_2, ebering_ghost_funeral_grove,
          nzn_life_drinkers
Temple:   compressed_dpeg_circular_temple
Lair:1:   layout_loops_ring
Lair:2:   layout_regular_city, spider_nest_entry_a, grunt_megastairs_1,
          uniq_gastronok
Lair:3:   layout_cellular_growth, grunt_forest_small_clearings,
          infiniplex_staircase_pool_2, grunt_megastairs_5
Lair:4:   layout_regular_city, minmay_swamp_entry_worms,
          hellmonk_ghost_happy_afterlife, grunt_megastairs_3, uniq_nergalle,
          uniq_josephine, uniq_rupert
Lair:5:   layout_hall_layers, slime_altar_1, pond, minmay_lair_oklob_chamber
Lair:6:   gammafunk_lair_ancient_temple, layout_cellular_growth,
          minmay_hedge_maze
Swamp:1:  layout_basic_swamp, evilmike_swamp_ruin_house_3
Swamp:2:  layout_basic_swamp, evilmike_swamp_ruin_rubble_1, swamp_pool1
Swamp:3:  layout_basic_swamp, nicolae_swamp_stair_fork, swamp_pool4,
          nicolae_swamp_dense_foliage
Swamp:4:  swamp_fiery, layout_basic_swamp, uniq_bai_suzhen
Spider:1: layout_spider_delve, zaba_anthell, uniq_frances, uniq_aizul,
          uniq_azrael, uniq_donald
Spider:2: spiders_nest_scorpion_pit, hangedman_spider_tarantella_strand
Orc:1:    layout_caves, serial_shops, shop, uniq_erolcha
Orc:2:    pf_orc_diabolical, layout_caves, serial_shops, nicolae_shop_crystal,
          uniq_saint_roka
Elf:1:    eino_elf_arrival_sip, layout_onion_city, minmay_elf_annihilation,
          uniq_agnes
Elf:2:    layout_rooms, serial_shops, shop_scrolls, hangedman_elf_disciples
Elf:3:    minmay_elf_hall_spiked, layout_loops_cross, serial_shops, shop,
          basic_altar

Skill      XL: |  1  2  3  4  5  6  7  8  9 10 11 12 13 14 15 16 17 18 19 |
---------------+----------------------------------------------------------+-----
Ice Magic      | 5 6 7 9 10 11 12 14 15 16 18 19 | 19.8
Stealth        | 3 4 5 |  5.8
Spellcasting   | 5 7 9 10 11 12 14 16 17 19 20 22 23 | 23.5
Fighting       | 1 2 3 4 5 6 7 8 9 10 | 10.2
Axes           | 1 2 |  2.6
Dodging        | 3 4 5 |  5.4
Polearms       | 1 2 3 |  3.6
Invocations    | 2 3 4 6 7 8 9 10 11 | 11.8
Summonings     | 1 2 3 |  3.8
Armour         | 2 3 4 5 6 7 8 9 |  9.0
Conjurations   | 1 2 4 |  4.2
Bows           | 7 8 9 10 | 10.2
Shields        | 1 |  1.7
Throwing       | |  0.7
Translocations | |  0.1

Action                   |  1- 3 |  4- 6 |  7- 9 | 10-12 | 13-15 | 16-18 | 19-21 || total
-------------------------+-------+-------+-------+-------+-------+-------+-------++-------
Melee: Unarmed           |     9 |       |       |       |       |       |       ||     9
       Hand axe          |    23 |    57 |       |   210 |       |       |       ||   290
       Spear             |       |    17 |   223 |   343 |       |       |       ||   583
       Trident           |       |       |       |    15 |    49 |       |       ||    64
       Falchion          |       |       |       |       |    15 |       |       ||    15
 Fire: Shortbow          |       |       |       |   204 |       |       |       ||   204
       Longbow           |       |       |       |       |    23 |    70 |     2 ||    95
Throw: Dart              |       |     8 |       |       |       |       |       ||     8
 Cast: Freeze            |    28 |     2 |       |     4 |       |       |       ||    34
       Frozen Ramparts   |     4 |    16 |    14 |    43 |     3 |       |       ||    80
       Ozocubu's Armour  |       |     2 |     1 |     2 |       |       |       ||     5
       Summon Ice Beast  |       |       |    15 |   119 |     9 |    61 |       ||   204
       Hailstorm         |       |       |     5 |    67 |     1 |    19 |       ||    92
       Ozocubu's Refrige |       |       |       |    69 |   419 |   560 |    30 ||  1078
       Iskenderun's Myst |       |       |       |       |       |     5 |       ||     5
       Blink             |       |       |       |       |       |     2 |       ||     2
Invok: Channel Magic     |       |       |     1 |    10 |    16 |    15 |     1 ||    43
Evoke: Wand              |       |       |       |       |       |     2 |       ||     2
  Use: Potion            |     1 |     4 |       |     5 |       |     1 |     2 ||    13
       Scroll            |       |       |       |    19 |     3 |     9 |     1 ||    32
 Stab: Sleeping          |     3 |     3 |    13 |    13 |       |       |       ||    32
       Distracted        |       |       |       |     6 |       |       |       ||     6
Armor: Robe              |     8 |     5 |    29 |       |       |       |       ||    42
       Steam dragon scal |       |       |     3 |    81 |       |       |       ||    84
       Troll leather arm |       |       |       |    17 |    18 |    12 |     2 ||    49
Dodge: Dodged            |    44 |    65 |   114 |   413 |    58 |    60 |     8 ||   762
Block: Buckler           |       |       |     9 |    70 |       |       |       ||    79
       Reflection        |       |       |       |     6 |     1 |     7 |       ||    14
       Other             |       |       |       |    54 |    22 |    29 |       ||   105
       Rpst.: Falchion   |       |       |       |       |     5 |       |       ||     5

Table legend: (Time is in decaauts)
 A = Elapsed time spent in this place.
 B = Non-inter-level travel time spent in this place.
 C = Inter-level travel time spent in this place.
 D = Time resting spent in this place.
 E = Time spent auto-exploring this place.
 F = Levels seen in this place.
 G = Mean time per level.
                   A        B        C        D        E       F      G
               +--------+--------+--------+--------+--------+-----+--------+
         Total |  46234 |  43786 |   2448 |   9463 |  28564 |  31 | 1491.4 |
       Dungeon |  18140 |  17197 |    943 |   1909 |  12120 |  13 | 1395.4 |
        Temple |     84 |     69 |     15 |      0 |     65 |   1 |   84.0 |
          Lair |   8848 |   8186 |    662 |   1203 |   6252 |   6 | 1474.7 |
         Swamp |   5328 |   5211 |    117 |   1195 |   3585 |   4 | 1332.0 |
   Spider Nest |   3145 |   3027 |    118 |   1106 |   1616 |   2 | 1572.5 |
  Orcish Mines |   3369 |   3133 |    236 |   1060 |   1781 |   2 | 1684.5 |
   Elven Halls |   7316 |   6962 |    354 |   2990 |   3144 |   3 | 2438.7 |
               +--------+--------+--------+--------+--------+-----+--------+

Top non-repeatable levels by time:
   Elf:1: 2949 daAuts
   Orc:2: 2501 daAuts
     D:8: 2493 daAuts
   Elf:3: 2304 daAuts
  Lair:4: 2215 daAuts
Spider:1: 2214 daAuts
    D:10: 2127 daAuts
   Elf:2: 2062 daAuts
  Lair:6: 1897 daAuts
    D:11: 1831 daAuts
    D:13: 1813 daAuts
     D:9: 1787 daAuts
 Swamp:4: 1630 daAuts
 Swamp:3: 1558 daAuts
    D:12: 1556 daAuts
